 Dungeon Crawl Stone Soup version 0.25.1-2-g60ff931df9 (webtiles) character file.

Game seed: 8411509462479523387

111 sankara the Covered (level 5, -4/36 HPs)
             Began as a Halfling Fighter on Sept 3, 2020.
             Slain by a black bear (5 damage)
             ... on level 4 of the Dungeon.
             The game lasted 00:06:54 (3128 turns).

sankara the Covered (Halfling Fighter)              Turns: 3128, Time: 00:06:54

Health: -4/36      AC: 10    Str: 17    XL:     5   Next: 15%
Magic:  5/5        EV: 11    Int:  6    God:
Gold:   175        SH: 11    Dex: 15    Spells: 3/4 levels left

rFire    . . .     SeeInvis .   a - +0 long sword
rCold    . . .     Gourm    .   g - +0 buckler
rNeg     . . .     Faith    .   h - +0 scale mail
rPois    .         Spirit   .   i - +2 helmet
rElec    .         Reflect  +   (no cloak)
rCorr    .         Harm     .   (no gloves)
MR       .....                  (no boots)
Stlth    ..........             v - amulet of reflection
HPRegen  0.12/turn              (no ring)
MPRegen  0.09/turn              (no ring)

@: no status effects
A: small, mutation resistance 1
a: no special abilities


You were on level 4 of the Dungeon.
You were not hungry.

You visited 1 branch of the dungeon, and saw 4 of its levels.

You collected 175 gold pieces.

Inventory:

Hand Weapons
 a - a +0 long sword (weapon)
 b - a +0 hunting sling
 w - a +1 whip of venom
 B - a +0 dagger of freezing
 D - a +0 dagger of venom
Missiles
 e - 75 stones (quivered)
Armour
 c - a +0 kite shield
 g - a +0 buckler (worn)
 h - a +0 scale mail (worn)
 i - a +2 helmet (worn)
 s - a +0 plate armour
Jewellery
 q - an uncursed ring of fire
 v - an amulet of reflection (around neck)
Scrolls
 n - 3 scrolls of remove curse {unknown}
 o - 8 scrolls of identify {unknown}
 r - 3 scrolls of teleportation {unknown}
 t - a scroll of noise {unknown}
 u - 2 scrolls of blinking {unknown}
 x - a scroll of magic mapping {unknown}
 y - 2 scrolls of immolation {unknown}
Potions
 d - a potion of might
 j - a potion of haste {unknown}
 k - 2 potions of brilliance {unknown}
 l - a potion of lignification {unknown}
 m - a potion of mutation {unknown}
 p - 2 potions of curing {unknown}
 z - a potion of degeneration {unknown}
 A - a potion of flight {unknown}
Comestibles
 f - 8 rations
 C - 3 chunks of flesh


   Skills:
 + Level 3.2 Fighting
 * Level 3.3 Long Blades
 + Level 4.0 Armour
 + Level 3.9 Shields


You had 3 spell levels left.
You knew the following spells:

 Your Spells              Type           Power        Failure   Level  Hunger
b - Animate Skeleton      Necr           N/A          88%         1    ##.....

Your spell library contained the following spells:

 Spells                   Type           Power        Failure   Level  Hunger
 Apportation              Tloc           #.....       88%         1    ##.....
 Corona                   Hex            #......      88%         1    ##.....
 Summon Small Mammal      Summ           #...         88%         1    ##.....


Dungeon Overview and Level Annotations

Branches:
Dungeon (4/15)
 Temple: D:4-7

Altars:
Hepliaklqana
Vehumet
Xom


Innate Abilities, Weirdness & Mutations

You are small and have problems with some larger weapons.
You are somewhat resistant to further mutation.


Message History

The black bear claws you.
Unknown command.
You slash the black bear!
The black bear is severely wounded.
The black bear goes berserk!
You closely miss the black bear.
The black bear is severely wounded.
You block the black bear's attack. x3; The black bear bites you!
The black bear misses you. The black bear claws you.
* * * LOW HITPOINT WARNING * * *
Unknown command.
You are too injured to fight recklessly!
Unknown command.
You are too injured to fight recklessly!
You block the black bear's attack. x2; The black bear claws you.
* * * LOW HITPOINT WARNING * * *
The black bear barely misses you.
You riposte.
You hit the black bear.
The black bear is severely wounded.
The black bear claws you.
You die...

#..####### #........#
#........# ... #.......#
## ... #.......###. ....
##......#.. ....#
#...รท..#.# #####.#.#
######......#.####.......#
...............@h........#
#######<#.##..##.........#
###.#...#..............
................!......#
....####...##...#...#...
........................
...........#...........#
.......####..............
....[... ...............


You could see a black bear (berserk).

Vanquished Creatures
  An adder (D:3)
  A shadow imp (D:3)
  An ooze (D:1)
  A worm (D:3)
  5 dart slugs
  2 leopard geckos
  5 orcs (D:3)
  3 giant cockroaches (D:1)
  9 goblins
  2 hobgoblins
  10 jackals
  5 kobolds
  3 quokkas
  4 bats
  4 frilled lizards
  9 rats
65 creatures vanquished.

Notes
Turn   | Place    | Note
-------+----------+-------------------------------------------
     0 | D:1      | sankara the Halfling Fighter began the quest for the Orb.
     0 | D:1      | Reached XP level 1. HP: 15/15 MP: 1/1
   167 | D:1      | Reached XP level 2. HP: 19/20 MP: 2/2
   326 | D:1      | Reached XP level 3. HP: 25/25 MP: 3/3
  1307 | D:2      | Reached XP level 4. HP: 31/31 MP: 4/4
  2033 | D:2      | Found a radiant altar of Vehumet.
  2409 | D:3      | Found a faded altar of an unknown god.
  2464 | D:3      | Found a hazy altar of Hepliaklqana.
  2465 | D:3      | Found a shimmering altar of Xom.
  2466 | D:3      | Noticed a spectral ugly thing
  2697 | D:3      | Reached XP level 5. HP: 27/36 MP: 5/5
  2703 | D:3      | Reached skill level 4 in Armour
  3097 | D:4      | Learned a level 1 spell: Animate Skeleton
  3112 | D:4      | Noticed a black bear
  3126 | D:4      | HP: 1/36 [black bear (6)]
  3128 | D:4      | Slain by a black bear

Illustrated notes

Levels and vault maps discovered:
D:1:      minmay_arrival_arboretum_small, layout_basic, minmay_close_crescents
D:2:      layout_basic, lemuel_coloured_pillars_altar,
          kennysheep_generic_room_10
D:3:      layout_basic, regret_index_temple_of_mockery, serial_rivers,
          chequers_serial_rivers_micro_b, chequers_serial_rivers_marsh,
          chequers_serial_rivers_micro_d, chequers_serial_rivers_large_a,
          chequers_serial_rivers_micro_c, chequers_serial_rivers_micro_c,
          chequers_ecumenical_altar_simple_redux, roderic_serpentine_path,
          kennysheep_generic_room_13
D:4:      layout_rooms, first_ration

Skill      XL: |  1  2  3  4  5 |
---------------+----------------+-----
Fighting       | 3 |  3.2
Long Blades    | 3 |  3.3
Armour         | 4 |  4.0
Shields        | |  3.9

Action                   |  1- 3 |  4- 6 || total
-------------------------+-------+-------++-------
Melee: Long sword        |   108 |   103 ||   211
  Eat: Chunk             |     1 |     6 ||     7
Armor: Scale mail        |    56 |    35 ||    91
Dodge: Dodged            |    50 |    60 ||   110
Block: Kite shield       |    60 |     1 ||    61
       Buckler           |       |    64 ||    64
       Reflection        |       |     2 ||     2
       Rpst.: Long sword |    10 |    24 ||    34
